 Dungeon Crawl Stone Soup version 0.17.1-3-g152610e (webtiles) character file.

554 juanjsm the Covert (level 7, -2/33 HPs)
             Began as a Spriggan Enchanter on Apr 21, 2016.
             Was a Follower of Ashenzari.
             Slain by an orc warrior
             ... wielding a +0 flail
              (24 damage)
             ... on level 6 of the Dungeon.
             The game lasted 00:14:34 (4194 turns).

juanjsm the Covert (Spriggan Enchanter)             Turns: 4194, Time: 00:14:34

Health: -2/33      AC:  5    Str:  4    XL:     7   Next: 8%
Magic:  6/14       EV: 20    Int: 19    God:    Ashenzari [*.....]
Gold:   217        SH:  0    Dex: 18    Spells: 4 memorised, 5 levels left

rFire  . . .     SeeInvis +     a - +1 dagger (curse)
rCold  . . .     Clarity  .     b - +1 robe
rNeg   . . .     SustAt   .     (shield restricted)
rPois  .         Gourm    .     (helmet restricted)
rElec  .         Spirit   .     e - +1 cloak (curse)
rCorr  .         Warding  .     (gloves unavailable)
rMut   .         Stasis   .     (boots unavailable)
MR     +....                    (no amulet)
Stlth  +++++.....               z - +2 ring of dexterity (curse)
                                o - ring of flight (curse)

@: very quick, somewhat resistant to hostile enchantments, quite stealthy
A: unfitting armour, see invisible, herbivore 3, speed 3, slow metabolism 2
a: Scrying, Renounce Religion, Evoke Flight


You were on level 6 of the Dungeon.
You worshipped Ashenzari.
Ashenzari was aware of your devotion.
You were not hungry.

You visited 2 branches of the dungeon, and saw 7 of its levels.

You collected 217 gold pieces.

Inventory:

Hand Weapons
 a - a cursed +1 dagger (weapon)
 v - a +0 dagger of venom
Armour
 b - a +1 robe (worn)
 e - a cursed +1 cloak (worn)
 n - a cursed +0 robe
Jewellery
 g - an uncursed ring of positive energy
 o - a cursed ring of flight (left hand)
 z - a cursed +2 ring of dexterity (right hand)
Wands
 q - a wand of polymorph (16)
Scrolls
 f - 5 scrolls of identify {unknown}
 h - 3 scrolls of teleportation {unknown}
 j - a scroll of fear {unknown}
 k - 2 scrolls of enchant armour {unknown}
 l - a scroll of blinking {unknown}
 m - a scroll of recharging {unknown}
 p - 3 scrolls of curse jewellery
 t - 2 scrolls of magic mapping {unknown}
 y - 2 scrolls of curse weapon
Potions
 i - 3 potions of heal wounds {unknown}
 r - 2 potions of invisibility {unknown}
 s - 4 potions of curing {unknown}
 u - 2 potions of might {unknown}
 w - a potion of resistance {unknown}
 x - a potion of flight {unknown}
Books
 c - a book of Maledictions

   Spells                             Type                      Level
   a - Corona                         Hexes                        1
   b - Ensorcelled Hibernation        Hexes/Ice                    2
   c - Confuse                        Hexes                        3
   d - Tukima's Dance                 Hexes                        3
   e - Dazzling Spray                 Conjuration/Hexes            3
Comestibles
 d - 3 bread rations


   Skills:
 + Level 1.0 Fighting
 + Level 1.4 Short Blades
 + Level 4.7 Dodging
 + Level 8.7 Stealth
 + Level 4.2 Spellcasting
 + Level 0.1 Conjurations
 + Level 5.3 Hexes
 + Level 1.3 Ice Magic


You had 5 spell levels left.
You knew the following spells:

 Your Spells              Type           Power        Failure   Level  Hunger
a - Corona                Hex            ###....      1%          1    None
b - Ensorcelled Hibernat  Hex/Ice        ###...       8%          2    #......
c - Confuse               Hex            ###.....     6%          3    ###....
d - Dazzling Spray        Conj/Hex       ##......     14%         3    ###....


Dungeon Overview and Level Annotations

Branches:
Dungeon (6/15)             Temple (1/1) D:4

Altars:
Ashenzari
Cheibriados
Dithmenos
Fedhas
Gozag
Kikubaaqudgha
Nemelex Xobeh
Okawaru
Qazlal
Ru
Trog
Xom
Yredelemnul
The Shining One

Annotations:
D:6 Menkaure


Innate Abilities, Weirdness & Mutations

You are tiny and cannot use many weapons and most armour.
You have supernaturally acute eyesight.
You are a herbivore.
You cover ground extremely quickly.
You need consume almost no food.


Message History

You hit the orc warrior.
The orc warrior is moderately wounded.
The orc closely misses you.
The orc wizard closely misses the orc.
The orc warrior misses you.
You hit the orc warrior but do no damage.
The orc warrior is moderately wounded.
The orc completely misses you.
You closely miss the orc warrior.
The orc warrior is moderately wounded.
The orc warrior is no longer blind.
The orc wizard is no longer blind.
The orc warrior barely misses you. The orc barely misses you.
You barely miss the orc warrior.
The orc warrior is moderately wounded.
The orc warrior hits you with a flail. The orc barely misses you.
You closely miss the orc warrior.
The orc warrior is moderately wounded.
The orc warrior hits you with a flail!!
Ouch! That really hurt!
You die...

.... ...# ....
##..## ....
#..# #.# #o.#
.. #o.# #.
#o@# #.##..#
#..#..# #.#..#
#....#
########...#
#......<...#
....####.....#
. ##...##


You could see an orc warrior, an orc wizard (confused) and an orc.

Vanquished Creatures
  An ogre (D:5)
  A giant frog zombie (D:5)
  A centaur zombie (D:5)
  2 crimson imps (D:5)
  A jelly (D:5)
  Jessica (D:2)
  5 worker ants
  7 adders
  4 gnolls (D:4)
  An ooze (D:2)
  6 orcs (D:3)
  6 bats
  9 goblins
  3 hobgoblins
  8 kobolds
  2 quokkas
  2 ball pythons (D:2)
  3 giant cockroaches
  A giant gecko skeleton (D:5)
  2 giant newts
  9 rats
75 creatures vanquished.

Notes
Turn   | Place    | Note
--------------------------------------------------------------
     0 | D:1      | juanjsm the Spriggan Enchanter began the quest for the Orb.
     0 | D:1      | Reached XP level 1. HP: 9/9 MP: 5/5
   651 | D:1      | Reached XP level 2. HP: 10/13 MP: 4/6
   656 | D:1      | Learned a level 2 spell: Ensorcelled Hibernation
   863 | D:2      | Reached skill level 5 in Stealth
   928 | D:2      | Reached XP level 3. HP: 16/16 MP: 8/8
  1056 | D:2      | Noticed Jessica
  1058 | D:2      | Killed Jessica
  1058 | D:2      | Reached skill level 6 in Stealth
  1058 | D:2      | Reached XP level 4. HP: 21/21 MP: 3/9
  1064 | D:2      | Learned a level 3 spell: Confuse
  1068 | D:2      | Learned a level 3 spell: Dazzling Spray
  2195 | D:3      | Reached XP level 5. HP: 24/24 MP: 3/11
  2214 | D:3      | Found a shattered altar of Ashenzari.
  2219 | D:3      | Became a worshipper of Ashenzari the Shackled
  2272 | D:3      | Found a shimmering altar of Xom.
  2510 | D:5      | Entered Level 5 of the Dungeon
  2610 | D:4      | Found a staircase to the Ecumenical Temple.
  2620 | Temple   | Entered the Ecumenical Temple
  2707 | D:4      | Reached skill level 7 in Stealth
  2980 | D:4      | Reached skill level 1 in Ice Magic
  3667 | D:5      | Reached XP level 6. HP: 27/29 MP: 12/12
  3681 | D:5      | Noticed an ogre
  3699 | D:5      | Killed an ogre
  3699 | D:5      | Reached skill level 8 in Stealth
  3723 | D:5      | Reached skill level 5 in Hexes
  3776 | D:5      | Reached skill level 1 in Fighting
  3799 | D:5      | Reached * piety under Ashenzari
  3843 | D:5      | Reached XP level 7. HP: 33/33 MP: 4/14
  3894 | D:6      | Noticed Menkaure
  4194 | D:6      | Slain by an orc warrior

Action                   |  1- 3 |  4- 6 |  7- 9 || total
-------------------------+-------+-------+-------++-------
Melee: Dagger            |    46 |    80 |    11 ||   137
 Cast: Corona            |     4 |       |       ||     4
       Ensorcelled Hiber |     7 |    34 |     2 ||    43
       Dazzling Spray    |       |     3 |     1 ||     4
       Confuse           |       |     4 |     1 ||     5
  Use: Scroll            |       |     4 |       ||     4
 Stab: Sleeping          |    16 |    42 |     2 ||    60
       Distracted        |       |     1 |       ||     1
       Invisible         |       |     1 |       ||     1
       Confused          |       |     4 |       ||     4
  Eat: Pizza             |       |     1 |       ||     1
       Fruit             |       |       |     5 ||     5
